 Dungeon Crawl Stone Soup version 0.25-a0-425-g0e000e855e (webtiles) character file.

Game seed: 3324174751849479528, levelgen mode: deterministic

15975 Elellon the Thaumaturge (level 12, 0/71 HPs)
             Began as a Deep Elf Conjurer on Jan 23, 2020.
             Was a High Priest of Vehumet.
             Killed from afar by a gargoyle (20 damage)
             ... with a stone arrow
             ... on level 15 of the Dungeon on Jan 24, 2020.
             The game lasted 00:51:44 (16199 turns).

Elellon the Thaumaturge (Deep Elf Conjurer)        Turns: 16199, Time: 00:51:45

Health: 0/71       AC:  6    Str:  6    XL:     12   Next: 6%
Magic:  1/31       EV: 16    Int: 25    God:    Vehumet [*****.]
Gold:   1136       SH:  3    Dex: 15    Spells: 13/38 levels left

rFire    . . .     SeeInvis .   g - +0 rapier
rCold    + . .     Gourm    .   t - +0 buckler
rNeg     . . .     Faith    .   D - +0 steam dragon scales
rPois    .         Spirit   .   x - +0 helmet
rElec    .         Reflect  .   (no cloak)
rCorr    +         Harm     .   (no gloves)
MR       +....                  (no boots)
Stlth    ++........             r - amulet of regeneration
HPRegen  0.61/turn              u - ring of protection from cold
MPRegen  0.22/turn              y - ring of resist corrosion

@: no status effects
A: no striking features
a: Renounce Religion


You were on level 15 of the Dungeon.
You worshipped Vehumet.
Vehumet was extremely pleased with you.
You were not hungry.

You visited 2 branches of the dungeon, and saw 14 of its levels.
You also visited: Ossuary.

You collected 1136 gold pieces.

Inventory:

Hand Weapons
 g - a +0 rapier (weapon)
Armour
 s - a +0 helmet
 t - a +0 buckler (worn)
 x - a +0 helmet (worn)
 D - +0 steam dragon scales (worn)
Jewellery
 r - an amulet of regeneration (around neck)
 u - a ring of protection from cold (left hand)
 y - a ring of resist corrosion (right hand)
 F - an uncursed ring of flight
Wands
 k - a wand of digging (9)
Scrolls
 a - 2 scrolls of immolation
 b - a scroll of identify
 e - 5 scrolls of remove curse
 m - 12 scrolls of teleportation
 o - 2 scrolls of fear
 q - 2 scrolls of enchant weapon {unknown}
 z - a scroll of holy word {unknown}
 B - a scroll of amnesia {unknown}
 G - a scroll of enchant armour {unknown}
 H - 2 scrolls of blinking {unknown}
 J - a scroll of torment {unknown}
 K - 2 scrolls of random uselessness {unknown}
 L - a scroll of vulnerability {unknown}
Potions
 d - 3 potions of flight
 f - 3 potions of lignification
 h - 2 potions of heal wounds
 i - 3 potions of brilliance
 j - 5 potions of curing
 l - 2 potions of haste
 p - a potion of berserk rage {unknown}
 v - 2 potions of magic
 w - 2 potions of invisibility
 A - a potion of might {unknown}
 C - 2 potions of cancellation {unknown}
 E - a potion of ambrosia {unknown}
 I - a potion of mutation {unknown}
Comestibles
 c - 29 rations
 n - 3 chunks of flesh


   Skills:
 + Level 6.9 Fighting
 + Level 7.0 Dodging
 - Level 2.4 Stealth
 + Level 13.8 Spellcasting
 + Level 10.4 Conjurations
 - Level 0.8 Hexes
 + Level 4.3 Summonings
 + Level 9.0 Translocations
 + Level 4.2 Fire Magic


You had 13 spell levels left.
You knew the following spells:

 Your Spells              Type           Power        Failure   Level  Hunger
a - Magic Dart            Conj           ####         1%          1    None
b - Searing Ray           Conj           ######       1%          2    None
c - Iskenderun's Mystic   Conj/Tloc      ######..     1%          4    None
d - Conjure Flame         Conj/Fire      ######..     1%          3    None
e - Inner Flame           Hex/Fire       ####....     1%          3    None
f - Summon Hydra          Summ           #####.....   100%        7    ######.
g - Lightning Bolt        Conj/Air       #####.....   5%          5    ##.....

Your spell library contained the following spells:

 Spells                   Type           Power        Failure   Level  Hunger
 Summon Butterflies       Summ           #####...     1%          1    None
 Dazzling Flash           Conj/Hex       #####.       1%          3    None
 Gell's Gravitas          Tloc           ######....   1%          3    None
 Recall                   Summ/Tloc      N/A          1%          3    None
 Fulminant Prism          Conj/Hex       #####.....   1%          4    None
 Call Canine Familiar     Summ           #####...     2%          3    None
 Confusing Touch          Hex            ###.....     12%         3    None
 Summon Ice Beast         Ice/Summ       ####....     22%         4    None
 Yara's Violent Unravell  Hex/Tmut       ###.......   32%         5    ##.....
 Summon Mana Viper        Hex/Summ       ####....     47%         5    ##.....
 Animate Dead             Necr           N/A          50%         4    None
 Petrify                  Tmut/Erth      ###.....     50%         4    None
 Metabolic Englaciation   Hex/Ice        ###.......   78%         5    ##.....
 Borgnjor's Vile Clutch   Necr/Erth      ###.......   83%         5    ##.....
 Death Channel            Necr           ###.......   100%        6    #####..
 Simulacrum               Ice/Necr       ###.......   100%        6    #####..


Dungeon Overview and Level Annotations

Branches:
Dungeon (12/15)            Temple (1/1) D:4            Lair (0/6) D:10
    Orc (0/2) D:9         Ossuary (visited)

Altars:
Ashenzari
Cheibriados
Dithmenos
Elyvilon
Fedhas
Gozag
Hepliaklqana
Kikubaaqudgha
Makhleb
Nemelex Xobeh
Okawaru
Qazlal
Ru
Sif Muna
Trog
Uskayaw
Vehumet
Wu Jian
Xom
Yredelemnul
Zin
The Shining One


Message History

The tengu reaver zombie is knocked back by the mystic blast.
The tengu reaver zombie slams into a gravestone!
The mystic blast hits the skeletal warrior.
The skeletal warrior is moderately damaged.
The skeletal warrior is knocked back by the mystic blast.
The skeletal warrior slams into a gravestone!
The mystic blast hits the caustic shrike zombie!
The caustic shrike zombie is lightly damaged.
The caustic shrike zombie is knocked back by the mystic blast.
The caustic shrike zombie collides with the flayed ghost!
The mystic blast hits the wyvern!
The wyvern is almost dead.
The wyvern is knocked back by the mystic blast.
The mystic blast hits the caustic shrike skeleton!
The caustic shrike skeleton is almost destroyed.
The caustic shrike skeleton is knocked back by the mystic blast.
The caustic shrike skeleton slams into a gravestone!
The gargoyle hurls a stone arrow at you.
The stone arrow hits you!!
You die...

..............
.............
...l........
...........
#..........
+.......P..
#....$.....
#.@Z.8.....
+....Z8....
#....z88...
#....Z.8...
#.9...W.8P.
#..........
#..........
#..........


You could see a skeletal warrior, a flayed ghost, a wyvern, a gargoyle, a tengu
reaver zombie, a caustic shrike zombie and a caustic shrike skeleton.

Vanquished Creatures
  Snorg (D:11)
  3 two-headed ogres
  An unseen horror (D:11)
  An orc knight (D:11)
  A cyclops (D:11)
  Psyche (D:11)
  Maggie (D:11)
  Prince Ribbit (D:5)
  A hornet (D:7)
  2 hippogriffs
  A spriggan (D:8)
  6 yaks
  4 basilisks
  2 hungry ghosts (D:12)
  A soldier ant (D:12)
  3 porcupines (D:10)
  A black bear (D:7)
  16 orc warriors
  3 sky beasts
  An ice beast (D:11)
  A necrophage (D:6)
  4 phantoms
  11 ogres
  5 crocodiles
  A centaur (D:6)
  2 big kobolds (D:11)
  7 bullfrogs
  3 water moccasin zombies (Ossuary)
  5 scorpions
  4 killer bees (D:12)
  5 wights
  8 crimson imps
  2 jellies
  2 quasits (D:12)
  5 hounds
  2 bullfrog skeletons
  10 orc priests
  4 centaur skeletons
  5 iguanas
  18 orc wizards
  9 worker ants
  2 big kobold zombies (Ossuary)
  2 mummies (Ossuary)
  6 hound skeletons
  2 worker ant zombies
  3 gnolls
  22 adders
  4 shadow imps
  An adder skeleton (D:5)
  6 adder zombies (Ossuary)
  3 worms
  5 dart slugs
  4 leopard geckos
  62 orcs
  6 giant cockroaches
  3 gnoll zombies (Ossuary)
  11 goblins
  7 hobgoblins
  10 jackals
  5 quokkas
  A ball python (D:5)
  5 bats
  5 frilled lizards
  A giant cockroach zombie (D:5)
  5 hobgoblin zombies (Ossuary)
  16 kobolds
  6 kobold zombies
  A leopard gecko zombie (D:5)
  2 orc zombies (Ossuary)
  2 quokka skeletons (D:4)
  4 rats
  A plant (D:10)
377 creatures vanquished.

Vanquished Creatures (others)
  A kobold zombie (Ossuary)
  5 fungi (D:10)
  9 plants (D:10)
15 creatures vanquished.

Grand Total: 392 creatures vanquished

Notes
Turn   | Place    | Note
-------+----------+-------------------------------------------
     0 | D:1      | Elellon the Deep Elf Conjurer began the quest for the Orb.
     0 | D:1      | Reached XP level 1. HP: 10/10 MP: 6/6
   265 | D:1      | Reached XP level 2. HP: 15/15 MP: 3/8
   799 | D:2      | Reached skill level 4 in Spellcasting
   799 | D:2      | Reached skill level 5 in Conjurations
   799 | D:2      | Reached XP level 3. HP: 19/19 MP: 4/10
  1022 | D:2      | Learned a level 2 spell: Searing Ray
  1309 | D:2      | Reached XP level 4. HP: 24/24 MP: 7/12
  1487 | D:2      | Found a sparkling altar of Nemelex Xobeh.
  1647 | D:2      | Reached skill level 5 in Spellcasting
  2034 | D:3      | Reached XP level 5. HP: 22/28 MP: 11/14
  2333 | D:3      | Found a stormy altar of Qazlal.
  3234 | D:4      | Reached skill level 6 in Spellcasting
  3260 | D:4      | Got a fine ring mail
  3295 | D:4      | Found a staircase to the Ecumenical Temple.
  3305 | Temple   | Entered the Ecumenical Temple
  3381 | Temple   | Became a worshipper of Vehumet
  3484 | D:4      | Reached XP level 6. HP: 22/32 MP: 3/17
  3745 | D:4      | Reached skill level 7 in Spellcasting
  4088 | D:4      | Learned a level 4 spell: Iskenderun's Mystic Blast
  4445 | D:5      | Entered Level 5 of the Dungeon
  4614 | D:5      | Reached XP level 7. HP: 36/36 MP: 8/20
  4700 | D:5      | Found a shattered altar of Ashenzari.
  4707 | D:5      | Noticed Prince Ribbit
  4730 | D:5      | Killed Prince Ribbit
  4730 | D:5      | Reached * piety under Vehumet
  4730 | D:5      | Offered knowledge of Sandblast by Vehumet.
  4730 | D:5      | Reached skill level 8 in Spellcasting
  4825 | D:5      | Found an iron altar of Okawaru.
  5202 | D:5      | Reached skill level 9 in Spellcasting
  5297 | D:5      | Reached XP level 8. HP: 41/41 MP: 13/23
  5770 | D:6      | Identified the +3 ring mail of Demons {+Inv +Fly} (You
                  | found it on level 4 of the Dungeon)
  5858 | D:6      | Reached skill level 1 in Translocations
  6309 | D:6      | Found a burning altar of Makhleb.
  6311 | D:6      | Reached skill level 1 in Fighting
  6459 | D:6      | Got a slimy robe
  6469 | D:6      | Identified the cursed +0 robe of Ummalaf {rC+ MR+ Str-5}
                  | (You found it on level 6 of the Dungeon)
  6915 | D:7      | Reached skill level 10 in Spellcasting
  7204 | D:7      | Found a sacrificial altar of Ru.
  7206 | D:7      | Got a translucent leather armour
  7433 | D:7      | Found an opulent altar of Gozag.
  7444 | D:7      | Reached XP level 9. HP: 34/49 MP: 22/25
  7679 | D:7      | Reached ** piety under Vehumet
  7679 | D:7      | Offered knowledge of Shock by Vehumet.
  8180 | D:8      | Reached skill level 10 in Conjurations
  8192 | D:8      | Reached skill level 11 in Spellcasting
  8336 | D:8      | Found a glowing golden altar of the Shining One.
  8336 | D:8      | Found a glowing silver altar of Zin.
  8393 | D:8      | Found a sand-covered staircase.
  8405 | Ossuary  | Entered an ossuary
  8544 | Ossuary  | Offered knowledge of Conjure Flame by Vehumet.
  8549 | Ossuary  | Learned a level 3 spell: Conjure Flame
  8570 | Ossuary  | Reached skill level 5 in Translocations
  8917 | D:8      | Found a shimmering blue altar of Sif Muna.
  8965 | D:8      | Reached *** piety under Vehumet
  9166 | D:8      | Found a hazy altar of Hepliaklqana.
  9579 | D:9      | Noticed a two-headed ogre
  9601 | D:9      | Killed a two-headed ogre
  9601 | D:9      | Reached XP level 10. HP: 24/58 MP: 12/27
  9635 | D:9      | Reached skill level 12 in Spellcasting
  9743 | D:9      | Offered knowledge of Static Discharge by Vehumet.
 10047 | D:9      | Found a staircase to the Orcish Mines.
 10140 | D:9      | Reached skill level 5 in Fighting
 10548 | D:10     | Entered Level 10 of the Dungeon
 11411 | D:10     | Reached **** piety under Vehumet
 11487 | D:10     | Found a staircase to the Lair.
 11583 | D:10     | Offered knowledge of Inner Flame by Vehumet.
 11588 | D:10     | Learned a level 3 spell: Inner Flame
 11911 | D:10     | Reached skill level 13 in Spellcasting
 12551 | D:10     | Learned a level 7 spell: Summon Hydra
 12674 | D:10     | Reached skill level 5 in Dodging
 12674 | D:10     | Reached XP level 11. HP: 54/64 MP: 27/30
 12930 | D:11     | Identified the +11 hunting sling of Varoh {freeze, +Blink
                  | Str+3}
 12946 | D:11     | Reached skill level 1 in Fire Magic
 13092 | D:11     | Identified the cursed +1 leather armour of Valour {rC-
                  | Slay+5 Stlth+} (You found it on level 7 of the Dungeon)
 13094 | D:11     | Noticed Snorg
 13105 | D:11     | Killed Snorg
 13105 | D:11     | Reached skill level 1 in Summonings
 13377 | D:11     | Noticed Maggie
 13691 | D:11     | Noticed Psyche
 13697 | D:11     | Killed Psyche
 13704 | D:11     | Killed an unseen horror
 13846 | D:11     | Noticed an orc knight
 13936 | D:10     | Upgraded the game from 0.25-a0-424-g80bd347ae0 to
                  | 0.25-a0-425-g0e000e855e
 14162 | D:11     | Reached ***** piety under Vehumet
 14478 | D:11     | Offered knowledge of Lightning Bolt by Vehumet.
 14485 | D:11     | Learned a level 5 spell: Lightning Bolt
 14783 | D:11     | Killed an orc knight
 14911 | D:11     | Killed Maggie
 15314 | D:12     | Noticed a two-headed ogre
 15322 | D:12     | Killed a two-headed ogre
 16002 | D:12     | Found a sacrificial altar of Ru.
 16090 | D:12     | Reached XP level 12. HP: 71/71 MP: 31/31
 16090 | D:12     | Noticed a two-headed ogre
 16099 | D:12     | Killed a two-headed ogre
 16186 | D:12     | You fall into a shaft and drop 3 floors!
 16186 | D:15     | Entered Level 15 of the Dungeon
 16194 | D:15     | HP: 2/71 [caustic shrike skeleton (20)]
 16199 | D:15     | Killed from afar by a gargoyle

Levels and vault maps discovered:
D:1:      mainiacjoe_arrival_reflecting_pool, layout_basic, solitary_fountain
D:2:      layout_loops_ring, nemelex_xobeh_ov_fountains_minmay,
          minmay_octomino_c4
D:3:      layout_basic, grunt_qazlal_sundering
D:4:      layout_rooms, temple_fountains, first_ration, serial_curves,
          eino_curves_04, eino_curves_01
D:5:      layout_loops_ring, grunt_temple_overflow_open, uniq_prince_ribbit1
D:6:      layout_loops_ring, makhleb_blood_cavern_becter
D:7:      layout_basic, nicolae_overflow_hidden_temple, kennysheep_mini
D:8:      layout_cave_pools, old_standard_altar, overflow_temple_1_default,
          gammafunk_temple_overflow_wave, enter_ossuary_3, the_bakery
D:9:      layout_roguey, orc_0_dummy
D:10:     minmay_goldmine, layout_basic, minmay_lair_entry_grove
D:11:     layout_roguey [special_room_orc], kennysheep_generic_room_10,
          uniq_maggie, uniq_snorg, uniq_psyche
D:12:     layout_roguey, basic_altar
D:15:     gammafunk_depths_entry_grave, layout_irregular_city, roderic_batcave
Temple:   jpeg_temple_clearing

Skill      XL: |  1  2  3  4  5  6  7  8  9 10 11 12 |
---------------+-------------------------------------+-----
Spellcasting   | 4 5 6 7 9 10 11 13 | 13.8
Conjurations   | 5 6 7 8 9 10 | 10.4
Translocations | 3 6 7 9 |  9.0
Fighting       | 2 4 6 |  6.9
Dodging        | 5 6 7 |  7.0
Fire Magic     | 4 |  4.2
Summonings     | 4 |  4.3
Stealth        | |  2.4
Hexes          | |  0.8

Action                   |  1- 3 |  4- 6 |  7- 9 | 10-12 || total
-------------------------+-------+-------+-------+-------++-------
Melee: Dagger            |       |     1 |       |       ||     1
 Cast: Magic Dart        |    61 |   143 |   175 |   131 ||   510
       Searing Ray       |     2 |    16 |    67 |   118 ||   203
       Iskenderun's Myst |       |       |     2 |    80 ||    82
       Conjure Flame     |       |       |     2 |       ||     2
  Use: Scroll            |       |       |     9 |    13 ||    22
       Potion            |       |       |       |     1 ||     1
 Stab: Sleeping          |       |     1 |       |       ||     1
  Eat: Chunk             |     1 |    10 |    15 |    20 ||    46
Armor: Robe              |       |     6 |     2 |     2 ||    10
       Leather armour    |       |       |       |     7 ||     7
       Steam dragon scal |       |       |       |     6 ||     6
Dodge: Dodged            |     1 |    17 |    28 |    55 ||   101
Block: Buckler           |       |     3 |     7 |    12 ||    22

Table legend:
 A = Non-vault XP
 B = Vault XP
 C = Vault XP percentage of total XP
 D = Non-vault monster count
 E = Vault monster count
 F = Vault count percentage of total count
                 A         B        C        D         E       F
            +---------+---------+-------+---------+---------+-------
      Total |   15285 |    7537 |  33.0 |     285 |      90 |  24.0
            +---------+---------+-------+---------+---------+-------
        D:1 |      18 |       0 |   0.0 |      11 |       0 |   0.0
        D:2 |     121 |      23 |  16.0 |      23 |       6 |  20.7
        D:3 |     139 |       0 |   0.0 |      35 |       0 |   0.0
        D:4 |     361 |       0 |   0.0 |      20 |       0 |   0.0
        D:5 |     755 |     291 |  27.8 |      24 |       1 |   4.0
        D:6 |     307 |     140 |  31.3 |       6 |       2 |  25.0
        D:7 |    1681 |       0 |   0.0 |      23 |       0 |   0.0
        D:8 |     628 |     206 |  24.7 |      24 |       2 |   7.7
        D:9 |    2247 |       0 |   0.0 |      22 |       0 |   0.0
       D:10 |    1518 |    2549 |  62.7 |      28 |      25 |  47.2
       D:11 |    2466 |    3957 |  61.6 |      33 |      27 |  45.0
       D:12 |    5030 |       0 |   0.0 |      35 |       0 |   0.0
     Temple |      14 |       0 |   0.0 |       1 |       0 |   0.0
    Ossuary |       0 |     371 | 100.0 |       0 |      27 | 100.0
            +---------+---------+-------+---------+---------+-------
